 Dungeon Crawl Stone Soup version 0.31.0-1-g2c135a008e (webtiles) character file.

Game seed: 7748651078181172723

179 qw the Shooter (level 5, -2/40 HPs)
             Began as a Djinni Hunter on Jan 23, 2024.
             Slain by an orc wizard
             ... wielding a +0 dagger
              (4 damage)
             ... on level 4 of the Dungeon.
             The game lasted 00:00:10 (2283 turns).

qw the Shooter (Djinni Hunter)                      Turns: 2283, Time: 00:00:11

Health: -2/40      AC:  5    Str: 13    XL:     5   Next: 90%
Gold:   226        EV: 14    Int:  8    God:
                   SH:  5    Dex: 26

rFire   + + .        a - +0 shortbow
rCold   x . .        (shield currently unavailable)
rNeg    + + .        k - +2 leather armour {rN+}
rPois   inf          (no helmet)
rElec   .            (no cloak)
rCorr   .            (no gloves)
SInv    .            (boots unavailable)
Will    .....        d - amulet of Eclyqohu {Reflect rN+ Str+3 Int-3 Dex+8 SH+5}
Stlth   ++           (no ring)
HPRegen 0.26/turn    (no ring)
MPRegen 0.00/turn

%: reflection, infuse magic (-3 HP)
@: flying
A: sickness immunity, fire resistance 2, cold vulnerability 1, float, innate
caster, HP casting, extra vitality 1
a: no special abilities


You were on level 4 of the Dungeon.
You visited 1 branch of the dungeon, and saw 4 of its levels.

You collected 226 gold pieces.


Innate Abilities, Weirdness & Mutations

You are immune to sickness and miasma.
You are immune to poison.
Your flesh is very heat resistant. (rF++)
You are vulnerable to cold. (rC-)
You float through the air rather than walking.
You learn spells naturally, not from books.
Your magical power is your life essence.
You have superior vitality. (+4 MHP)


   Skills:
 - Level 3.1 Fighting
 - Level 4.2 Ranged Weapons
 - Level 1.2 Armour
 + Level 3.9 Dodging
 - Level 0.7 Stealth


You knew the following spells:

 Your Spells              Type           Power      Damage    Failure   Level
a - Slow                  Hex            0%         N/A       50%         1
b - Searing Ray           Conj           0%         2d4       63%         2
Your spell library was empty.

Inventory:

Hand Weapons
 a - a +0 shortbow (weapon)
Armour
 k - a +2 leather armour of positive energy (worn)
Jewellery
 d - the amulet of Eclyqohu (around neck) {Reflect rN+ Str+3 Int-3 Dex+8 SH+5}
   (You acquired it on level 2 of the Dungeon)

   [amulet of reflection]

   Reflect:   It reflects blocked missile attacks.
   Str+3:     It affects your strength (+3).
   Int-3:     It affects your intelligence (-3).
   Dex+8:     It affects your dexterity (+8).
   rN+:       It protects you from negative energy.
   SH+5:      It affects your SH (+5).
Wands
 h - a wand of flame (17)
 o - a wand of mindburst (5)
Scrolls
 b - a scroll of fog {unknown}
Potions
 j - a potion of might {unknown}
 n - a potion of invisibility {unknown}

Dungeon Overview and Level Annotations

Branches:
Dungeon (4/15)
 Temple: D:4-7

Altars:
Ashenzari
Hepliaklqana
Trog
Uskayaw
Xom

Annotations:
D:4 Robin


Message History

You hear a shout! x2
Something hits you. The iguana closely misses you. Something hits you.
A hobgoblin comes into view.
You hear a shout! x2; The hobgoblin shouts!
You hear a shout!
You shoot an arrow. The arrow barely misses the iguana.
You hear a shout!
Something barely misses you.
Robin roars a battlecry!
The goblins go into a battle-frenzy!
You block the iguana's attack. Something hits you.
You hear a shout!
You shoot an arrow. The arrow completely misses the iguana.
You hear some strange, mumbled words.
Something tries to affect you, but you resist.
The iguana bites you. Something hits you. Robin hits you but does no damage.
You shoot an arrow.
The arrow hits the iguana but does no damage.
The iguana is almost dead.
You hear a shout!
Something barely misses you. Robin barely misses you.
A hobgoblin comes into view.
You block the iguana's attack. Something hits you.
You hear some strange, mumbled words.
A puff of flame appears from out of thin air!
The puff of flame hits you. You resist.
You hear a shout!
You shoot an arrow. The arrow hits the iguana.
You kill the iguana!
You block Robin's attack. Something hits you but does no damage.
You hear some strange, mumbled words.
A puff of flame appears from out of thin air!
The puff of flame misses you.
The puff of flame hits Robin!
The orc hits you but does no damage. Robin hits you with a +0 short sword.
You hear some strange, mumbled words.
Something tries to affect you, but you resist.
You shoot an arrow. The arrow hits Robin.
Robin is almost dead.
You hear a shout!
Something hits you.
You die...

#########
#.......#
#.......#
#.......#
#.......#
#...<...####
#..%.>.....#####
#......{##......
#.....o{@gg....#
#.....oo##gg....
#.......###.....
#######...%.....
#..$......
#..o....>.
#.........
#........
#..oo....


You could see Robin, 3 orcs, 2 hobgoblins and a goblin (strong).

Vanquished Creatures
  An orc priest (D:3)
  An iguana (D:4)
  A gnoll (D:1)
  4 adders
  8 orcs
  3 endoplasms
  A giant cockroach (D:2)
  6 hobgoblins
  8 jackals
  7 kobolds
  A quokka (D:4)
  11 ball pythons
  9 bats
  2 frilled lizards (D:2)
  3 goblins
  5 rats
71 creatures vanquished.

Vanquished Creatures (others)
  A rat (D:1)
1 creature vanquished.

Grand Total: 72 creatures vanquished

Notes
Turn   | Place    | Note
-------+----------+-------------------------------------------
     0 | D:1      | qw the Djinni Hunter began the quest for the Orb.
     0 | D:1      | Reached XP level 1. HP: 18/18 MP: 0/0
     0 | D:1      | 0 ||| qw: Version: 0.3-a-136-gdd3b4e8
     0 | D:1      | 0 ||| qw: Game counter: 1181
     0 | D:1      | 0 ||| qw: Melee chars always use a shield: true
     0 | D:1      | 0 ||| qw: God list: Okawaru
     0 | D:1      | 0 ||| qw: Allow faded altars: false
     0 | D:1      | 0 ||| qw: Do Orc after clearing Dungeon:15 true
     0 | D:1      | 0 ||| qw: Do second Lair branch before Depths: true
     0 | D:1      | 0 ||| qw: Lair rune preference: random
     0 | D:1      | 0 ||| qw: Goals: Normal
     0 | D:1      | 0 ||| PLANNING D:1-11
   105 | D:1      | HP: 3/18 [gnoll/+0 spear (5)]
   108 | D:1      | Reached XP level 2. HP: 5/23 MP: 0/0
   403 | D:1      | Reached XP level 3. HP: 28/28 MP: 0/0
   403 | D:1      | Learned a level 1 spell: Slow
   412 | D:1      | Reached skill level 4 in Ranged Weapons
   740 | D:1      | 740 ||| READING scroll labelled ABYVAIRI COMUS.
   741 | D:1      | 741 ||| READING scroll labelled BOSTE YTIOPUSIUSA.
   741 | D:1      | 741 ||| IDENTIFYING coppery potion
   742 | D:1      | 742 ||| DROPPING scroll of butterflies.
   797 | D:2      | 797 ||| STAIRDANCE
  1158 | D:2      | Reached XP level 4. HP: 34/34 MP: 0/0
  1233 | D:2      | Reached skill level 3 in Fighting
  1387 | D:2      | 1387 ||| READING scroll labelled SYICAL ILUU.
  1388 | D:2      | 1388 ||| READING scroll labelled VIGERO MUORIRI.
  1389 | D:2      | 1389 ||| READING scroll labelled PUUCIR ZIME.
  1389 | D:2      | Identified a scroll of acquirement
  1389 | D:2      | 1389 ||| ACQUIRING amulet of Eclyqohu {Reflect rN+ Str+3
                  | Int-3 Dex+8 SH+5}
  1389 | D:2      | Acquired the amulet of Eclyqohu {Reflect rN+ Str+3 Int-3
                  | Dex+8 SH+5}
  1391 | D:2      | 1391 ||| UPGRADING to amulet of Eclyqohu {Reflect rN+ Str+3
                  | Int-3 Dex+8 SH+5}.
  1432 | D:3      | 1432 ||| STAIRDANCE
  1436 | D:3      | 1436 ||| STAIRDANCE
  1440 | D:3      | 1440 ||| STAIRDANCE
  1530 | D:2      | 1530 ||| UPGRADING to +0 ring mail.
  1540 | D:2      | 1540 ||| DROPPING +0 leather armour.
  1560 | D:3      | Reached skill level 3 in Dodging
  1606 | D:3      | Reached XP level 5. HP: 40/40 MP: 0/0
  1606 | D:3      | Learned a level 2 spell: Searing Ray
  1693 | D:3      | Reached skill level 1 in Armour
  1850 | D:3      | Found a shimmering altar of Xom.
  1851 | D:3      | Found a bloodstained altar of Trog.
  1852 | D:3      | Found a hazy altar of Hepliaklqana.
  1854 | D:3      | Found a hide-covered altar of Uskayaw.
  1854 | D:3      | Found a broken altar of Ashenzari.
  2001 | D:3      | Found a faded altar of an unknown god.
  2199 | D:3      | 2199 ||| UPGRADING to +2 leather armour of positive energy.
  2209 | D:3      | 2209 ||| DROPPING +0 ring mail.
  2210 | D:3      | 2210 ||| READING 2 scrolls of identify.
  2210 | D:3      | 2210 ||| IDENTIFYING silvery potion
  2211 | D:3      | 2211 ||| READING scroll of identify.
  2211 | D:3      | 2211 ||| IDENTIFYING smoky cyan potion
  2212 | D:3      | 2212 ||| READING scroll labelled SOUXTU MIFE.
  2213 | D:3      | 2213 ||| DRINKING 2 sedimented emerald potions.
  2214 | D:3      | 2214 ||| DRINKING 2 grey potions.
  2215 | D:3      | 2215 ||| DROPPING potion of ambrosia.
  2216 | D:3      | 2216 ||| DROPPING potion of attraction.
  2217 | D:3      | 2217 ||| DROPPING potion of lignification.
  2254 | D:4      | Noticed an orc warrior
  2255 | D:4      | 2255 ||| RETREEEEATING.
  2256 | D:4      | 2256 ||| RETREEEEATING.
  2258 | D:4      | 2258 ||| RETREEEEATING.
  2266 | D:4      | 2266 ||| DRINKING potion of curing.
  2266 | D:4      | 2266 ||| (to cure confusion)
  2271 | D:4      | Noticed Robin
  2276 | D:4      | HP: 5/40 [iguana (13)]
  2277 | D:4      | 2277 ||| DRINKING potion of heal wounds.
  2281 | D:4      | HP: 8/40 [something (1)]
  2282 | D:4      | HP: 2/40 [Robin/+0 short sword (3)]
  2283 | D:4      | Slain by an orc wizard

Levels and vault maps discovered:
D:1:      dpeg_arrival_simpleton_c, layout_loops_ring, grunt_decor_one_mirror,
          lemuel_flame_loot_1
D:2:      layout_loops_ring, hangedman_decor_peaks_small
D:3:      layout_rooms, grunt_temple_overflow_open,
          shapermc_ecumenical_altar_flowoftime, minmay_snake_closets
D:4:      layout_rooms, serial_shops, nicolae_shop_peninsula,
          grunt_ministairs_1, uniq_robin

Skill      XL: |  1  2  3  4  5 |
---------------+----------------+-----
Ranged Weapons | 4 |  4.2
Fighting       | 3 |  3.1
Dodging        | 3 |  3.9
Armour         | 1 |  1.2
Stealth        | |  0.7

Action                     |  1- 3 |  4- 6 || total
---------------------------+-------+-------++-------
   Fire: Shortbow          |    65 |   108 ||   173
    Use: Scroll            |     2 |     6 ||     8
         Potion            |       |     4 ||     4
 Armour: Leather armour    |    11 |    68 ||    79
         Ring mail         |       |     8 ||     8
  Dodge: Dodged            |    13 |    55 ||    68
  Block: Other             |       |    21 ||    21

Table legend:
 A = Non-vault XP
 B = Vault XP
 C = Vault XP percentage of total XP
 D = Non-vault monster count
 E = Vault monster count
 F = Vault count percentage of total count
                 A         B        C        D         E       F
            +---------+---------+-------+---------+---------+-------
      Total |     203 |      53 |  20.7 |      59 |      12 |  16.9
            +---------+---------+-------+---------+---------+-------
        D:1 |      39 |       0 |   0.0 |      17 |       0 |   0.0
        D:2 |      58 |       0 |   0.0 |      26 |       0 |   0.0
        D:3 |      53 |      53 |  50.0 |       8 |      12 |  60.0
        D:4 |      53 |       0 |   0.0 |       8 |       0 |   0.0
            +---------+---------+-------+---------+---------+-------
